[Event "World Junior U20 Girls 2018"]
[Site "Gebze"]
[Date "2018.09.07"]
[Round "4"]
[White "Zhu, Jiner"]
[Black "Ozbay, Ece"]
[Result "1/2-1/2"]
[ECO "B48"]
[WhiteElo "2364"]
[BlackElo "2114"]
[Annotator "NA"]
[PlyCount "67"]
[EventDate "2018.09.05"]
[EventType "swiss"]
[EventCountry "TUR"]
[SourceTitle "playchess.com"]
[Source "ChessBase"]
[SourceQuality "1"]
[TimeControl "40/5400+30:1800+30"]

1. e4 c5 2. Nf3 e6 3. d4 cxd4 4. Nxd4 Nc6 5. Nc3 Qc7 6. Be3 a6 7. a3 Nf6 8. g4 {[%emt 0:00:00] B48: Sizilianisch (Paulsen-Variante)} (8. f4 d6 9. Qf3 Nxd4 10. Bxd4 b5 11. Bd3 Bb7 12. Bxf6 gxf6 13. f5 Be7 14. O-O Qc5+ 15. Kh1 h5 16. fxe6 fxe6 17. a4 {1-0 (32) Grischuk,A (2783)-Cori Tello,J (2641) Tbilisi 2017}) 8... h6 9. Be2 Be7 10. Qd2 Ne5 $146 ({Vorgänger:} 10... b5 11. f3 Bb7 12. h4 Ne5 13. Rg1 Nc4 14. Bxc4 Qxc4 15. Nb3 a5 16. Qd3 Qxd3 17. cxd3 {½-½ (55) Vydeslaver,A (2480)-Tunik,G (2475) Beersheba 1996}) 11. Rg1 b5 12. f4 Nc4 13. Bxc4 Qxc4 14. e5 Nd5 15. Nxd5 Qxd5 16. O-O-O Bb7 17. Kb1 Rc8 18. Nf5 g6 19. Qc1 Qc4 20. Rd4 $16 Qe2 21. Nxe7 Kxe7 22. Rd2 Qc4 23. Rd4 Qe2 24. Rgd1 Bd5 25. f5 Rc4 26. b3 Rc3 27. Bd2 Rc6 28. Ba5 Rhc8 29. f6+ Ke8 30. c4 g5 31. Qd2 Qxd2 32. R1xd2 bxc4 33. bxc4 Rxc4 34. Rxc4 1/2-1/2

[Event "World Junior U20 Girls 2018"]
[Site "Gebze"]
[Date "2018.09.07"]
[Round "4"]
[White "Hojjatova, Aydan"]
[Black "Salah, Nadezhda"]
[Result "1-0"]
[ECO "A00"]
[WhiteElo "2356"]
[BlackElo "1918"]
[Annotator "NA"]
[PlyCount "53"]
[EventDate "2018.09.05"]
[EventType "swiss"]
[EventCountry "TUR"]
[SourceTitle "playchess.com"]
[Source "ChessBase"]
[SourceQuality "1"]
[TimeControl "40/5400+30:1800+30"]

1. b4 e5 2. Bb2 Bxb4 3. Bxe5 Nf6 4. Nf3 d5 5. e3 O-O 6. c4 c5 7. a3 Ba5 8. cxd5 Nxd5 9. Be2 Nc6 10. Bb2 Bg4 11. O-O Qe7 12. Qa4 Bh5 13. Rc1 Bb6 14. Nc3 Nxc3 15. Bxc3 Bc7 $11 16. Rab1 Rab8 17. Re1 Qd6 18. Qh4 Bg6 19. Rbc1 b5 20. d4 c4 21. Bb2 Rfe8 22. Red1 Ne7 23. Ne5 f5 24. d5 Ba5 25. Qd4 Bb6 26. Qc3 Bc7 27. Ng4 1-0

[Event "World Junior U20 Girls 2018"]
[Site "Gebze"]
[Date "2018.09.07"]
[Round "4"]
[White "Antova, Gabriela"]
[Black "Ivana Maria, Furtado"]
[Result "1-0"]
[ECO "D38"]
[WhiteElo "2292"]
[BlackElo "2144"]
[Annotator "NA"]
[PlyCount "85"]
[EventDate "2018.09.05"]
[EventType "swiss"]
[EventCountry "TUR"]
[SourceTitle "playchess.com"]
[Source "ChessBase"]
[SourceQuality "1"]
[TimeControl "40/5400+30:1800+30"]

1. d4 Nf6 2. c4 e6 3. Nf3 d5 4. Nc3 Bb4 5. Bg5 Nbd7 6. cxd5 exd5 7. e3 c5 8. Bd3 Qa5 9. Qc2 c4 10. Bf5 g6 11. Bxd7+ Nxd7 12. O-O O-O 13. a3 Bxc3 14. bxc3 Re8 15. Nd2 Nb6 {[%emt 0:02:30] D38: Queen's Gambit Declined: Ragozin Defence (4 Nf3 Bb4)} 16. f3 Bd7 {[%emt 0:17:30] LiveBook: 11 Games} 17. Bh6 Qa4 $146 ({Predecessor:} 17... Na4 18. Rfc1 Re6 19. Bf4 f5 20. Rab1 Bc6 21. Rb4 b5 22. Nf1 Qd8 23. Rcb1 {½-½ (38) Gonzales,J (2469)-Van Hoolandt,P (2231) Dresden 2008}) 18. Qb1 Qa5 19. Qb4 Qxb4 20. axb4 Na4 21. Rac1 Nb2 22. e4 Nd3 23. exd5 $14 Nxc1 24. Rxc1 Bf5 25. Nxc4 Rad8 26. Ne3 b5 27. Bf4 f6 28. h4 Bd3 29. Kf2 Kf7 30. Bc7 Rd7 31. d6 Rc8 32. Ke1 Rcxc7 33. dxc7 Rxc7 34. Kd2 Bc4 35. Ra1 Be6 36. Ra5 Rb7 37. Kd3 Bc8 38. d5 Rc7 39. Kd4 a6 40. c4 bxc4 41. Rc5 Rxc5 42. bxc5 a5 43. Nxc4 1-0

[Event "World Junior U20 Girls 2018"]
[Site "Gebze"]
[Date "2018.09.07"]
[Round "4"]
[White "Sieber, Fiona"]
[Black "Celik, Eylul"]
[Result "1-0"]
[ECO "B40"]
[WhiteElo "2277"]
[BlackElo "2014"]
[Annotator "ChessBase"]
[PlyCount "103"]
[EventDate "2018.09.05"]
[EventType "swiss"]
[EventCountry "TUR"]
[SourceTitle "playchess.com"]
[Source "ChessBase"]
[SourceQuality "1"]
[TimeControl "40/5400+30:1800+30"]

1. e4 c5 2. Nf3 e6 3. d4 cxd4 4. Nxd4 Qb6 5. Nc3 a6 6. Be2 Qc7 7. a3 Nf6 8. O-O Be7 9. f4 d6 10. Kh1 Nbd7 11. Bf3 Rb8 12. Qe1 O-O 13. g4 Nb6 14. g5 Ne8 15. Bg2 e5 16. Nf5 exf4 17. Bxf4 Be6 18. Rd1 g6 19. Nxe7+ Qxe7 20. Qg3 Rd8 21. b3 Qc7 22. Rd2 Rc8 23. Ne2 Qc5 24. Be3 Qc7 25. Rfd1 Nd7 26. Bf4 Ne5 27. c4 Qc5 28. Bh3 Ng7 29. Rxd6 Nh5 30. Qc3 Bxh3 31. Qxh3 Qf2 32. Bxe5 Qxe2 33. Qd3 Qg4 34. Rg1 Qh4 35. Bc3 Rce8 36. e5 Qf4 37. Rd5 Qf2 38. Rg2 Qb6 39. Bd4 Qe6 40. Qf3 Rd8 41. Rd2 Qc6 42. Kg2 Rxd5 43. cxd5 Qxd5 44. Qxd5 Nf4+ 45. Kf3 Nxd5 46. Bc5 Rd8 47. Rd3 f5 48. exf6 b6 49. Be7 Rd7 50. Ke4 Rxe7+ 51. fxe7 Nxe7 52. Rd6 1-0

[Event "World Junior U20 Girls 2018"]
[Site "Gebze"]
[Date "2018.09.07"]
[Round "4"]
[White "Sliwicka, Alicja"]
[Black "Gorti, Akshita"]
[Result "1-0"]
[ECO "C17"]
[WhiteElo "2272"]
[BlackElo "2315"]
[Annotator "ChessBase"]
[PlyCount "89"]
[EventDate "2018.09.05"]
[EventType "swiss"]
[EventCountry "TUR"]
[SourceTitle "playchess.com"]
[Source "ChessBase"]
[SourceQuality "1"]
[TimeControl "40/5400+30:1800+30"]

1. e4 e6 2. d4 d5 3. Nc3 Bb4 4. e5 c5 5. Bd2 Nh6 6. a3 Bxc3 7. Bxc3 b6 8. Bb5+ Bd7 9. Bd3 cxd4 10. Bxd4 Nc6 11. Nf3 Nxd4 12. Nxd4 O-O 13. O-O f6 14. Qe2 fxe5 15. Qxe5 Ng4 16. Qd6 Qb8 17. Qxb8 Raxb8 18. f4 Ne3 19. Rfe1 Nc4 20. b3 Na5 21. Nxe6 Bxe6 22. Rxe6 Rxf4 23. Rd6 Rd4 24. b4 Nb7 25. Rd7 Nd8 26. Rxd5 Rxd5 27. Bc4 Kf8 28. Bxd5 Ke7 29. Kf2 Rc8 30. c4 Nc6 31. Re1+ Kf8 32. Re3 Ne7 33. Be6 Rc6 34. Ke2 Rd6 35. Bh3 Nc6 36. Rd3 Rf6 37. Kd2 Ne5 38. Rd4 Rf2+ 39. Kc3 Ke7 40. c5 bxc5 41. bxc5 g5 42. Re4 Kf6 43. c6 Rf1 44. Kc2 Rf2+ 45. Kb3 1-0

[Event "World Junior U20 Girls 2018"]
[Site "Gebze"]
[Date "2018.09.07"]
[Round "4"]
[White "Diakonova, Ekaterina"]
[Black "Dwilewicz, Katarzyna"]
[Result "0-1"]
[ECO "C47"]
[WhiteElo "2243"]
[BlackElo "2081"]
[Annotator "NA"]
[PlyCount "78"]
[EventDate "2018.09.05"]
[EventType "swiss"]
[EventCountry "TUR"]
[SourceTitle "playchess.com"]
[Source "ChessBase"]
[SourceQuality "1"]
[TimeControl "40/5400+30:1800+30"]

1. e4 e5 2. Nc3 Nf6 3. g3 d5 4. exd5 Nxd5 5. Bg2 Nxc3 6. bxc3 Nc6 7. d3 Bc5 8. Nf3 O-O 9. O-O Bg4 {C47: Scotch Four Knights and Four Knights with 4 g3} 10. Re1 (10. h3 Bh5 11. Rb1 Bb6 12. g4 Bg6 13. Bg5 f6 14. Be3 e4 15. Nh4 exd3 16. Nxg6 hxg6 17. cxd3 Qd7 18. d4 {½-½ (84) Mamedov,R (2688)-Jakovenko,D (2704) Doha 2016}) 10... Re8 11. Be3 Bb6 12. Qc1 Qf6 $146 ({Predecessor:} 12... h6 13. Nd2 Be6 14. Nb3 Qd6 15. c4 Bxe3 16. Qxe3 Rad8 17. Qc5 {0-1 (45) Zwanzger,J (2222)-Grimberg,B (2307) Bayern 2016}) 13. Nd2 Qg6 14. Nc4 Bxe3 15. Nxe3 Be6 16. Rb1 Nd8 17. Bxb7 Nxb7 18. Rxb7 Bh3 19. Rxc7 f5 20. Qd1 Qd6 $16 21. Rc4 f4 22. Ng2 Qd5 23. Rce4 Bf5 24. Nxf4 Qxa2 25. Rxe5 Rxe5 26. Rxe5 Rb8 27. Qf3 Bd7 28. c4 Qa1+ 29. Re1 Qxe1+ 30. Kg2 Qe5 31. c3 Qf5 32. h4 a5 33. d4 Re8 34. Qd1 a4 35. c5 Qe4+ 36. Kh2 Rb8 37. Qh5 Rb1 38. f3 Qc2+ 39. Ng2 Qf5 0-1

[Event "World Junior U20 Girls 2018"]
[Site "Gebze"]
[Date "2018.09.07"]
[Round "4"]
[White "Maltsevskaya, Aleksandra"]
[Black "Tokhirjonova, Gulrukhbegim"]
[Result "1-0"]
[ECO "E11"]
[WhiteElo "2234"]
[BlackElo "2369"]
[Annotator "NA"]
[PlyCount "51"]
[EventDate "2018.09.05"]
[EventType "swiss"]
[EventCountry "TUR"]
[SourceTitle "playchess.com"]
[Source "ChessBase"]
[SourceQuality "1"]
[TimeControl "40/5400+30:1800+30"]

1. d4 Nf6 2. c4 e6 3. Nf3 Bb4+ 4. Nbd2 O-O 5. a3 Be7 6. e4 d6 7. Qc2 Nbd7 8. b3 c6 9. Bb2 Qc7 10. g3 e5 11. Bg2 a5 12. O-O Re8 13. c5 exd4 14. cxd6 Bxd6 15. Nxd4 Bf8 16. Rae1 Nc5 17. e5 $16 Nfd7 18. Nc4 Ne6 19. Nxe6 Rxe6 20. f4 b5 21. f5 Rh6 22. Nd6 Bxd6 23. exd6 Rxd6 24. Re8+ Nf8 25. Qc5 f6 26. Bd5+ 1-0

[Event "World Junior U20 Girls 2018"]
[Site "Gebze"]
[Date "2018.09.07"]
[Round "4"]
[White "Mahalakshmi, M."]
[Black "Li, Yunshan"]
[Result "1-0"]
[ECO "D78"]
[WhiteElo "2213"]
[BlackElo "2060"]
[Annotator "NA"]
[PlyCount "75"]
[EventDate "2018.09.05"]
[EventType "swiss"]
[EventCountry "TUR"]
[SourceTitle "playchess.com"]
[Source "ChessBase"]
[SourceQuality "1"]
[TimeControl "40/5400+30:1800+30"]

1. Nf3 Nf6 2. g3 g6 3. Bg2 Bg7 4. d4 d5 5. O-O O-O 6. c4 c6 7. Qb3 Qb6 8. Nc3 Qxb3 9. axb3 h6 {[%emt 0:00:30] D78: Fianchetto Grünfeld: 6 0-0 c6} (9... Bf5 10. h3 h5 11. Bf4 Nbd7 12. cxd5 cxd5 13. Rfc1 Rfc8 14. Ne5 Nb6 15. Kh2 a6 16. Bg5 Bf8 17. Be3 {½-½ (41) Kamsky,G (2732)-Van Wely,L (2692) Wijk aan Zee 2012}) 10. Bf4 Be6 11. Ne5 Rd8 12. Rfd1 Nbd7 13. Nxd7 Rxd7 {[%emt 0:00:30] [#]} 14. Na4 $1 Rdd8 $1 15. Nc5 Bc8 16. Bc7 Re8 17. Kf1 $146 ({Predecessor:} 17. Be5) 17... e6 18. Ra2 Nd7 19. Na4 Bf6 20. e4 dxe4 21. Bxe4 $14 Bd8 22. Bd6 Be7 23. Bc7 Bd8 24. Bd6 Be7 25. Bxe7 Rxe7 26. Bg2 Rb8 27. Nc3 a6 28. d5 exd5 29. cxd5 cxd5 30. Nxd5 Re8 31. Raa1 Kg7 32. Nc7 Re7 33. Rac1 b5 34. Rd6 Nb6 35. Rxb6 Rxb6 36. Nd5 Be6 37. Nxe7 Bxb3 38. Rc6 1-0

[Event "World Junior U20 Girls 2018"]
[Site "Gebze"]
[Date "2018.09.07"]
[Round "4"]
[White "Kubicka, Anna"]
[Black "Kyrkjebo, Marte B"]
[Result "1-0"]
[ECO "C99"]
[WhiteElo "2204"]
[BlackElo "1935"]
[Annotator "NA"]
[PlyCount "75"]
[EventDate "2018.09.05"]
[EventType "swiss"]
[EventCountry "TUR"]
[SourceTitle "playchess.com"]
[Source "ChessBase"]
[SourceQuality "1"]
[TimeControl "40/5400+30:1800+30"]

1. e4 e5 2. Nf3 Nc6 3. Bb5 a6 4. Ba4 Nf6 5. O-O b5 6. Bb3 Be7 7. Re1 O-O 8. h3 d6 9. c3 Na5 10. Bc2 c5 11. d4 Qc7 12. Nbd2 cxd4 13. cxd4 Rd8 14. Nf1 exd4 15. Nxd4 d5 16. e5 Ne4 17. Bf4 Qb6 18. b3 Bb4 $11 19. Re3 Bc5 20. Nf3 Bxe3 21. Bxe3 Qc7 22. Rc1 Nc6 23. Nd4 Bb7 24. f3 Nc3 25. Qd3 Nxd4 26. Bxd4 b4 27. Qxh7+ Kf8 28. Ng3 Bc8 29. Qh8+ Ke7 30. Qxg7 Be6 31. Bf5 Qc6 32. Qf6+ Ke8 33. Kh2 Rdc8 34. Qg7 Kd8 35. Qf8+ Qe8 36. Bb6+ Rc7 37. Qd6+ Qd7 38. Bxc7+ 1-0

[Event "World Junior U20 Girls 2018"]
[Site "Gebze"]
[Date "2018.09.07"]
[Round "4"]
[White "Chu, Ruotong"]
[Black "Potapova, Margarita"]
[Result "1-0"]
[ECO "E03"]
[WhiteElo "2199"]
[BlackElo "2277"]
[Annotator "NA"]
[PlyCount "83"]
[EventDate "2018.09.05"]
[EventType "swiss"]
[EventCountry "TUR"]
[SourceTitle "playchess.com"]
[Source "ChessBase"]
[SourceQuality "1"]
[TimeControl "40/5400+30:1800+30"]

1. d4 Nf6 2. c4 e6 3. g3 d5 4. Bg2 dxc4 5. Qa4+ Nbd7 6. Qxc4 a6 7. Qc2 c5 8. Nf3 cxd4 9. Nxd4 Nc5 10. Nb3 Nxb3 11. Qxb3 Qc7 12. O-O Bc5 13. Nc3 O-O 14. Bf4 Bd6 15. Be3 $14 Qe7 16. a4 Bd7 17. Qxb7 Rfb8 18. Qf3 Rc8 19. Bg5 Rab8 20. Qd3 Rxb2 21. Ne4 Be5 22. f4 Bc3 23. Rac1 Rb3 24. Bxf6 gxf6 25. Rxc3 Rcxc3 26. Nxc3 Qc5+ 27. Kh1 Bc6 28. Ne4 Qb6 29. Qc2 Kg7 30. a5 Qb7 31. Rc1 Bd5 32. Bf3 Re3 33. Nc5 Qa8 34. Bxd5 Qxd5+ 35. Kg1 Qd4 36. Kf1 Qd5 37. Kf2 Ra3 38. Qc4 Qd2 39. Ne4 Qe3+ 40. Kg2 f5 41. Rc3 Ra4 42. Qxa4 1-0

[Event "World Junior U20 Girls 2018"]
[Site "Gebze"]
[Date "2018.09.07"]
[Round "4"]
[White "Pychova, Nela"]
[Black "Duran, Esma Doga"]
[Result "1-0"]
[ECO "D10"]
[WhiteElo "2173"]
[BlackElo "1825"]
[Annotator "NA"]
[PlyCount "72"]
[EventDate "2018.09.05"]
[EventType "swiss"]
[EventCountry "TUR"]
[SourceTitle "playchess.com"]
[Source "ChessBase"]
[SourceQuality "1"]
[TimeControl "40/5400+30:1800+30"]

1. c4 c6 2. Nc3 d5 3. cxd5 cxd5 4. d4 Nc6 5. Bf4 Nf6 6. e3 Bg4 7. f3 Bf5 8. g4 Bg6 9. h4 h6 10. Bd3 $11 Bxd3 11. Qxd3 e6 12. Nge2 Bd6 13. Kf2 Ke7 14. Nb5 Bxf4 15. Nxf4 a6 16. Qa3+ Kd7 17. Qd6+ Kc8 18. Qxd8+ Kxd8 19. Nc3 Ke7 20. Rac1 g5 21. Nd3 Nd7 22. Na4 Kd6 23. Kg3 f6 24. Rh2 e5 25. Nac5 Nxc5 26. dxc5+ Ke6 27. Rch1 Rhd8 28. hxg5 hxg5 29. Rh7 Rd7 30. Rxd7 Kxd7 31. Rh7+ Ne7 32. b4 Ke6 33. a4 Rd8 34. c6 b6 35. a5 e4 36. c7 Re8 1-0

[Event "World Junior U20 Girls 2018"]
[Site "Gebze"]
[Date "2018.09.07"]
[Round "4"]
[White "Song, Yuxin"]
[Black "Nomin-Erdene, Davaademberel"]
[Result "1-0"]
[ECO "A80"]
[WhiteElo "2156"]
[BlackElo "2377"]
[Annotator "NA"]
[PlyCount "119"]
[EventDate "2018.09.05"]
[EventType "swiss"]
[EventCountry "TUR"]
[SourceTitle "playchess.com"]
[Source "ChessBase"]
[SourceQuality "1"]
[TimeControl "40/5400+30:1800+30"]

1. d4 f5 2. Bg5 Nf6 3. Bxf6 exf6 4. e3 d5 5. c4 c6 6. Nc3 {[%emt 0:01:30] A80: Holländische Verteidigung} (6. Qb3 dxc4 7. Bxc4 Bd6 8. Ne2 Qe7 9. Nbc3 Nd7 10. Be6 Nb6 11. Bxc8 Rxc8 12. O-O-O Qf7 13. Qc2 g6 {1-0 (39) Ali Marandi,C (2479)-Gelashvili,T (2563) Saint Louis 2017}) 6... Be6 7. Qb3 Qd7 8. g3 $146 ({Vorgänger:} 8. cxd5 Bxd5 9. Nxd5 cxd5 10. Bb5 Nc6 11. Rc1 Bb4+ 12. Kf1 Be7 13. Ne2 O-O {1-0 (50) Gutierrez Clares,J (2254)-Serrano Aspa,X (2183) Barcelona 2015}) 8... dxc4 9. Bxc4 Bxc4 10. Qxc4 Na6 11. h4 Nc7 12. Nh3 Bd6 13. O-O-O O-O-O 14. Kb1 Kb8 15. Nf4 g5 16. Nd3 Qe8 17. hxg5 fxg5 18. Rh6 Qe7 19. Nc5 b5 20. Qb4 Ka8 21. Qa3 Rb8 22. b4 Rhf8 23. Rdh1 Rf7 24. Qb3 Rd8 25. a3 Bxc5 26. bxc5 Nd5 27. Nxd5 Rxd5 28. a4 a6 29. axb5 axb5 30. Kb2 Qb7 31. Re6 Rf8 32. Rhh6 Rc8 33. Rhf6 Qd7 34. Qa3+ Kb7 35. Qa5 Qc7 36. Qxc7+ Rxc7 37. Re5 Rdd7 38. Rexf5 Rg7 39. Rh6 Rg8 40. g4 Kb8 41. Rhf6 Rgg7 42. Kc3 Kb7 43. Kb4 Rce7 44. Ka5 Rc7 45. d5 cxd5 46. Kxb5 Rce7 47. Rxd5 Re4 48. Rd4 (48. Rd8 $142 Kc7 49. Ra8) 48... Re5 49. Rfd6 Kc8 50. Rd8+ Kc7 $18 51. Ra8 Rg6 52. Ra7+ Kc8 53. Rxh7 Rf6 54. Rh2 Rf7 55. Rd6 Kc7 56. Rg6 Kb7 57. Rb6+ Kc7 58. Ka6 Rf8 59. Rh7+ Kc8 60. Ka7 1-0

[Event "World Junior U20 Girls 2018"]
[Site "Gebze"]
[Date "2018.09.07"]
[Round "4"]
[White "Du, Yuxin"]
[Black "Chitlange Sakshi"]
[Result "1/2-1/2"]
[ECO "B17"]
[WhiteElo "2146"]
[BlackElo "2279"]
[Annotator "NA"]
[PlyCount "129"]
[EventDate "2018.09.05"]
[EventType "swiss"]
[EventCountry "TUR"]
[SourceTitle "playchess.com"]
[Source "ChessBase"]
[SourceQuality "1"]
[TimeControl "40/5400+30:1800+30"]

1. e4 c6 2. d4 d5 3. Nc3 dxe4 4. Nxe4 Nd7 5. Nf3 Ngf6 6. Ng3 e6 7. Bd3 Bd6 8. O-O O-O 9. Re1 Qc7 10. Qe2 b6 {[%emt 0:01:30] B17: Caro-Kann: Modern Line (4...Nd7)} (10... c5 11. c3 b6 12. Ne5 Bb7 13. Nh5 Nxh5 14. Qxh5 g6 15. Qe2 cxd4 16. cxd4 Nxe5 17. dxe5 Be7 18. Bh6 {½-½ (32) Barcenilla,R (2518)-Laylo,D (2528) Manila 2011}) 11. c4 Bb7 12. b3 Bb4 $146 ({Predecessor:} 12... c5 13. Bb2 a5 14. dxc5 Bxc5 15. Ne5 Bb4 16. Red1 Nxe5 17. Bxe5 Qc6 18. f3 {0-1 (44) Garcia Perez,J (1754)-Melone,A (1881) Fermo 2009}) 13. Bd2 Bxd2 14. Nxd2 c5 15. dxc5 Nxc5 16. Bc2 Qc6 17. f3 Rad8 18. Rad1 a5 19. Nde4 Nfxe4 20. Nxe4 Nxe4 21. Bxe4 Qc5+ 22. Qf2 Qxf2+ 23. Kxf2 Bxe4 24. Rxd8 Rxd8 25. Rxe4 Kf8 26. Ke2 Ke7 27. a3 f5 28. Re3 Rc8 29. Rd3 a4 30. Kd2 g5 31. Kc3 axb3 32. Kxb3 Rc5 33. Kb4 e5 34. a4 h5 35. h3 h4 36. Rd2 Ke6 37. Rd8 e4 38. fxe4 fxe4 39. Kc3 Ke5 40. Re8+ Kf4 41. Kd4 Kg3 42. Re6 Kxg2 43. Rxb6 Ra5 44. Rb5 Rxa4 45. Rxg5+ Kxh3 46. Kxe4 Rxc4+ 47. Kf3 Rc2 48. Rh5 Ra2 49. Rh8 Ra4 50. Rg8 Kh2 51. Rg2+ Kh1 52. Rg4 Ra3+ 53. Kf2 h3 54. Rg1+ Kh2 55. Rg8 Ra2+ 56. Kf1 Rg2 57. Rh8 Rg3 58. Kf2 Rg2+ 59. Kf1 Rg7 60. Rf8 Ra7 $11 61. Rf3 Ra2 62. Rf2+ Rxf2+ 63. Kxf2 Kh1 64. Kf1 h2 65. Kf2 1/2-1/2

[Event "World Junior U20 Girls 2018"]
[Site "Gebze"]
[Date "2018.09.07"]
[Round "4"]
[White "Wafa, Shahenda"]
[Black "Alinasab, Mobina"]
[Result "0-1"]
[ECO "C13"]
[WhiteElo "2129"]
[BlackElo "2261"]
[Annotator "ChessBase"]
[PlyCount "114"]
[EventDate "2018.09.05"]
[EventType "swiss"]
[EventCountry "TUR"]
[SourceTitle "playchess.com"]
[Source "ChessBase"]
[SourceQuality "1"]
[TimeControl "40/5400+30:1800+30"]

1. e4 e6 2. d4 d5 3. Nc3 Nf6 4. Bg5 dxe4 5. Nxe4 Be7 6. Bxf6 gxf6 7. Nf3 a6 8. Bc4 b5 9. Bb3 Nd7 10. a4 Rb8 11. axb5 axb5 12. d5 Nc5 13. Nxc5 Bxc5 14. Qe2 e5 15. Rd1 Kf8 16. Nd2 h5 17. Ne4 Be7 18. h3 f5 19. Nc3 b4 20. Nb5 Ba6 21. Bc4 Bxb5 22. Bxb5 Qd6 23. Bc4 h4 24. Qf3 Qf6 25. Qe3 Bd6 26. Rg1 e4 27. Qd4 Be5 28. Qc5+ Kg7 29. Ke2 f4 30. Bb3 Rhe8 31. Ba4 Re7 32. f3 Bd6 33. Qd4 exf3+ 34. Kxf3 Re3+ 35. Kf2 Qxd4 36. Rxd4 Bc5 37. Rc4 Rc3+ 38. Rxc5 Rxc5 39. Bb3 Kf6 40. Rd1 Ke5 41. Re1+ Kf5 42. Rd1 Ra5 43. Rd4 Ra1 44. Kf3 Kg5 45. Re4 f5 46. Re7 Rc8 47. Rg7+ Kf6 48. Rh7 Re8 49. Bc4 Re3+ 50. Kf2 Re7 51. Rxh4 Rd1 52. Bd3 Kg5 53. Rh8 Rd2+ 54. Kf1 b3 55. Rg8+ Kf6 56. Rf8+ Kg7 57. Rxf5 bxc2 0-1

[Event "World Junior U20 Girls 2018"]
[Site "Gebze"]
[Date "2018.09.07"]
[Round "4"]
[White "Serikbay, Assel"]
[Black "Vujcic, Milena"]
[Result "1-0"]
[ECO "E63"]
[WhiteElo "2125"]
[BlackElo "1955"]
[Annotator "NA"]
[PlyCount "47"]
[EventDate "2018.09.05"]
[EventType "swiss"]
[EventCountry "TUR"]
[SourceTitle "playchess.com"]
[Source "ChessBase"]
[SourceQuality "1"]
[TimeControl "40/5400+30:1800+30"]

1. d4 Nf6 2. c4 g6 3. g3 Bg7 4. Bg2 O-O 5. Nf3 d6 6. O-O a6 7. Nc3 Nc6 8. e4 Na5 9. Qe2 c5 10. dxc5 dxc5 11. Rd1 Nd7 12. e5 Nc6 13. Bf4 h6 14. h4 Kh8 15. Qe3 Kh7 16. h5 $18 e6 17. Ne4 Qe7 18. Nd6 Nd4 19. Nxd4 cxd4 20. Rxd4 f5 21. exf6 Qxf6 22. hxg6+ Kh8 23. Rd2 Qxg6 24. Nxc8 1-0

[Event "World Junior U20 Girls 2018"]
[Site "Gebze"]
[Date "2018.09.07"]
[Round "4"]
[White "Sankova, Stella"]
[Black "Haussernot, Cecile"]
[Result "0-1"]
[ECO "B51"]
[WhiteElo "2081"]
[BlackElo "2237"]
[Annotator "NA"]
[PlyCount "92"]
[EventDate "2018.09.05"]
[EventType "swiss"]
[EventCountry "TUR"]
[SourceTitle "playchess.com"]
[Source "ChessBase"]
[SourceQuality "1"]
[TimeControl "40/5400+30:1800+30"]

1. e4 c5 2. Nf3 d6 3. Bb5+ Nd7 4. d4 cxd4 5. Qxd4 a6 6. Bxd7+ Bxd7 7. c4 {[%emt 0:00:00] B51: Sicilian: Moscow Variation (3 Bb5+) without 3...Bd7} (7. Nc3 e5 8. Qd3 h6 9. Nd2 Rc8 10. Nc4 Be6 11. Ne3 Nf6 12. Bd2 Be7 13. a4 O-O 14. O-O Qd7 15. a5 Rfd8 {½-½ (58) Duda,J (2737)-Nepomniachtchi,I (2757) Dortmund 2018}) 7... Rc8 8. Nc3 b5 9. cxb5 axb5 10. O-O h6 11. e5 Rc4 $146 ({Predecessor:} 11... Bc6 12. Rd1 Qd7 13. exd6 Qxd6 14. Ne5 b4 {1-0 (37) Queiroz,A (2136)-Arias,D (2196) Asuncion 2014}) 12. Qd3 Bc6 (12... d5 $142 13. b3 (13. Qxd5 e6 $16) 13... Rc8 14. Nxb5 (14. Nxd5 Bc6 $16) 14... Bxb5 15. Qxb5+ Qd7) 13. b3 Rg4 14. e6 Qa8 15. Nxb5 Qb7 16. exf7+ Kxf7 17. Nbd4 ({Much worse is} 17. Qf5+ Nf6 $15) 17... Be4 18. Qe2 e5 19. Nxe5+ $14 dxe5 20. Qxg4 exd4 21. f3 Bd3 22. Rd1 Qb5 23. Kh1 Nf6 24. Qxd4 Be2 25. Re1 Bc5 26. Qa4 Qd3 27. Qc4+ Qxc4 28. bxc4 Re8 29. Bd2 g5 30. Rab1 g4 31. fxg4 Nxg4 32. h3 Nf2+ 33. Kh2 Nd3 34. Rb7+ Kg6 35. Reb1 h5 36. Bc3 Rf8 37. Rg7+ Kf5 38. g4+ hxg4 39. hxg4+ Ke4 40. Rd7 Bxg4 41. Rd5 Be3 42. Rb7 Bf4+ 43. Kg1 Be2 44. a4 Be3+ 45. Kh2 Rf2+ 46. Kg3 Bf4+ 0-1

[Event "World Junior U20 Girls 2018"]
[Site "Gebze"]
[Date "2018.09.07"]
[Round "4"]
[White "Lingur, Zalina"]
[Black "Altantuya, Boldbaatar"]
[Result "0-1"]
[ECO "B81"]
[WhiteElo "2061"]
[BlackElo "2210"]
[Annotator "ChessBase"]
[PlyCount "132"]
[EventDate "2018.09.05"]
[EventType "swiss"]
[EventCountry "TUR"]
[SourceTitle "playchess.com"]
[Source "ChessBase"]
[SourceQuality "1"]
[TimeControl "40/5400+30:1800+30"]

1. e4 c5 2. Nf3 e6 3. d4 cxd4 4. Nxd4 Nf6 5. Nc3 d6 6. g4 h6 7. h3 Nc6 8. Be3 Bd7 9. Qd2 a6 10. O-O-O Rc8 11. f4 Be7 12. Kb1 b5 13. Bd3 Qc7 14. g5 hxg5 15. fxg5 Nh5 16. g6 f6 17. Nxc6 Bxc6 18. Rhg1 Qb7 19. Qe2 Qa8 20. Qg4 f5 21. exf5 Bf3 22. Qd4 e5 23. Qb6 Bxd1 24. Rxd1 Nf6 25. Bg5 Nd7 26. Qe3 Bxg5 27. Qxg5 Nf6 28. h4 b4 29. Na4 Qc6 30. b3 e4 31. Qe3 Kf8 32. Bc4 d5 33. Nb6 Qc5 34. Qxc5+ Rxc5 35. Nxd5 Nxd5 36. Bxd5 Rxh4 37. Be6 e3 38. Re1 Rc3 39. Bc4 Ke7 40. Bd3 Rh3 41. Bxa6 Rf3 42. Bd3 Kf6 43. a3 bxa3 44. Ka2 Ke5 45. f6 Kxf6 46. Be4 Rf2 47. Kxa3 Ke5 48. Kb2 Kd4 49. Bf5 Rxf5 50. Rd1+ Ke4 51. Kxc3 Rc5+ 52. Kb2 e2 53. Rh1 Rf5 54. Re1 Ke3 55. c4 Rf1 56. Rxe2+ Kxe2 57. Kc3 Ke3 58. Kb4 Kd4 59. Kb5 Rf6 60. c5 Kd5 61. b4 Rxg6 62. Ka5 Rf6 63. c6 Kxc6 64. Ka6 g5 65. b5+ Kc7+ 66. Ka7 Rb6 0-1

[Event "World Junior U20 Girls 2018"]
[Site "Gebze"]
[Date "2018.09.07"]
[Round "4"]
[White "Auvray, Honorine"]
[Black "Unuk, Laura"]
[Result "0-1"]
[ECO "A45"]
[WhiteElo "2050"]
[BlackElo "2299"]
[Annotator "NA"]
[PlyCount "94"]
[EventDate "2018.09.05"]
[EventType "swiss"]
[EventCountry "TUR"]
[SourceTitle "playchess.com"]
[Source "ChessBase"]
[SourceQuality "1"]
[TimeControl "40/5400+30:1800+30"]

1. d4 Nf6 2. Bf4 e6 3. e3 c5 4. c3 Be7 5. Nd2 O-O 6. Ngf3 d5 7. Bd3 b6 8. Ne5 Bb7 9. O-O Ne4 10. Qc2 Nxd2 $11 11. Qxd2 f6 12. Nf3 Ba6 13. Rfe1 Bxd3 14. Qxd3 c4 15. Qe2 f5 16. Bxb8 Rxb8 17. Ne5 Qc7 18. a4 Bd6 19. f4 Bxe5 20. dxe5 Qc5 21. Reb1 Rf7 22. Qd2 b5 23. axb5 Qxb5 24. h3 a5 25. Kf2 Rfb7 26. Kf3 Qc6 27. Kf2 a4 28. Ra3 h6 29. Qc2 Rb3 30. Rxb3 Rxb3 31. Ra1 Qb5 32. Ra2 a3 33. bxa3 Qa5 34. a4 Kf7 35. Ke2 Rxc3 36. Qd2 Qb4 37. a5 Qb3 38. a6 Rd3 39. Qa5 Rxe3+ 40. Kf2 Re4 41. Kg1 Qg3 42. a7 c3 43. Qxc3 Qxc3 44. a8=Q Qc1+ 45. Kh2 Qxf4+ 46. g3 Qxe5 47. Ra7+ Kg6 0-1